 Dungeon Crawl Stone Soup version 0.20.1-1-g8b1a95d (webtiles) character file.

168 Fisto the Ducker (level 5, -6/24 HPs)
             Began as a Felid Monk on Nov 13, 2017.
             Was a Believer of Dithmenos.
             Mangled by an iguana (13 damage)
             ... on level 6 of the Dungeon.
             The game lasted 00:19:52 (3307 turns).

Fisto the Ducker (Felid Monk)                       Turns: 3307, Time: 00:19:53

Health: -6/24      AC:  1    Str:  7    XL:     5   Next: 24%
Magic:  15/15      EV: 21    Int: 12    God:    Dithmenos [**....]
Gold:   164        SH:  0    Dex: 19    Spells: 4/4 levels left
                                        Lives:  0   Deaths: 1

rFire    . . .     SeeInvis +     - Unarmed
rCold    . . .     Gourm    +   (shield unavailable)
rNeg     . . .     Faith    .   (armour unavailable)
rPois    .         Spirit   .   (helmet unavailable)
rElec    .         Reflect  .   (cloak unavailable)
rCorr    .         Harm     .   (gloves unavailable)
MR       .....                  (boots unavailable)
Stlth    +++++.....             t - amulet of the gourmand
Regen    0.1/turn               v - ring of magical power
MPRegen  0.2/turn               (no ring)

@: wreathed by umbra, quick
A: no armour, no weapons or thrown items, stealth, claws 1, fangs 3, see
invisible, carnivore 3, speed 1, shaggy fur 1, slow metabolism 1, sharp paws
a: Shadow Step, Renounce Religion


You were on level 6 of the Dungeon.
You worshipped Dithmenos.
Dithmenos was pleased with you.
You were full.

You visited 1 branch of the dungeon, and saw 6 of its levels.

You collected 164 gold pieces.

Inventory:

Jewellery
 t - an amulet of the gourmand (around neck)
 v - a ring of magical power (left paw)
Wands
 m - a wand of confusion (30/48)
 r - a wand of acid (9/15)
Scrolls
 d - a scroll of enchant weapon {unknown}
 e - a scroll of immolation
 f - a scroll of noise {unknown}
 h - a scroll of magic mapping
 k - a scroll of identify {unknown}
 l - a scroll of amnesia
 o - a scroll of fear {unknown}
 u - a scroll of enchant armour {unknown}
Potions
 b - 2 potions of curing
 c - a potion of lignification {unknown}
 g - a potion of haste
 i - 2 potions of degeneration {unknown}
 j - 3 potions of magic
 n - 2 potions of berserk rage {unknown}
 p - a potion of agility {unknown}
 q - a potion of ambrosia {unknown}
Comestibles
 a - 3 meat rations
 s - a royal jelly


   Skills:
 + Level 3.5 Fighting
 + Level 5.2 Dodging
 + Level 5.0 Stealth
 + Level 5.0 Unarmed Combat


You had 4 spell levels left.
You didn't know any spells.

Dungeon Overview and Level Annotations

Branches:
Dungeon (6/15)             Temple (0/1) D:5

Altars:
Dithmenos
Elyvilon
Nemelex Xobeh
Qazlal

Annotations:
D:5 Edmund


Innate Abilities, Weirdness & Mutations

You cannot wear armour.
You are incapable of wielding weapons or throwing items.
Your paws allow you to move quietly. (Stealth)
You have sharp claws.
You have razor-sharp teeth.
You have supernaturally acute eyesight. (SInv)
You are carnivorous and can eat meat at any time.
You cover ground quickly.
You are covered in fur. (AC +1)
You have a slow metabolism.
Your sharp claws are effective at attacking unaware monsters.


Message History

The iguana is severely wounded.
The iguana misses you.
You closely miss the iguana.
The iguana is severely wounded.
The iguana bites you.
You scratch the iguana. Your bite misses the iguana.
The iguana is severely wounded.
The iguana bites you.
* * * LOW HITPOINT WARNING * * *
You barely miss the iguana.
The iguana is severely wounded.
The iguana completely misses you.
You scratch the iguana.
The iguana is severely wounded.
The iguana closely misses you.
You scratch the iguana but do no damage.
The iguana is severely wounded.
The iguana bites you!
Ouch! That really hurt!
You die...

########## # #........#
#........# ## ##........#
#. .'........# #.
##........# #. #........#
#.
##........############.##
##
................@l......+
######..#########.####.##
##.## #.# #..# #.# ##.##
#.# #..# #.# ###'#####
#.# #.......# #.#
#.......#


You could see an iguana.

Vanquished Creatures
  A crimson imp (D:5)
  A hound (D:6)
  A jelly (D:5)
  3 worker ants
  2 gnolls (D:3)
  A howler monkey skeleton (D:5)
  2 oozes (D:3)
  A worm (D:3)
  3 dart slugs
  3 leopard geckos
  An orc (D:3)
  A giant cockroach (D:1)
  3 goblins
  3 hobgoblins
  5 jackals (D:3)
  A quokka (D:3)
  A ball python (D:1)
  4 bats
  A frilled lizard (D:2)
  8 kobolds
  8 rats
54 creatures vanquished.

Notes
Turn   | Place    | Note
-------+----------+-------------------------------------------
     0 | D:1      | Fisto the Felid Monk began the quest for the Orb.
     0 | D:1      | Reached XP level 1. HP: 10/10 MP: 2/2
   207 | D:1      | Reached XP level 2. HP: 5/14 MP: 3/3
   900 | D:2      | Found a sparkling altar of Nemelex Xobeh.
   903 | D:2      | Found a stormy altar of Qazlal.
   905 | D:2      | Found a white marble altar of Elyvilon.
   917 | D:2      | Found a shadowy altar of Dithmenos.
   921 | D:2      | Became a worshipper of Dithmenos the Shadowed
   921 | D:2      | Reached * piety under Dithmenos
   921 | D:2      | Reached ** piety under Dithmenos
  1480 | D:2      | Reached XP level 3. HP: 17/17 MP: 4/4
  2281 | D:3      | Reached XP level 4. HP: 21/21 MP: 5/5
  2502 | D:5      | Entered Level 5 of the Dungeon
  2652 | D:5      | Reached XP level 5. HP: 14/24 MP: 6/6
  2905 | D:5      | Noticed Edmund
  2919 | D:5      | Noticed an ogre
  2960 | D:6      | Noticed a black bear
  2970 | D:6      | Slain by a black bear
  2971 | D:6      | Reached XP level 4. HP: -1/21 MP: 5/5
  3000 | D:6      | Reached skill level 5 in Stealth
  3055 | D:6      | Reached skill level 5 in Dodging
  3055 | D:6      | Reached XP level 5. HP: 24/24 MP: 6/6
  3070 | D:6      | Reached skill level 5 in Unarmed Combat
  3216 | D:6      | Noticed an ogre
  3307 | D:6      | Mangled by an iguana

Skill      XL: |  1  2  3  4  5 |
---------------+----------------+-----
Stealth        | 3 5 |  5.0
Unarmed Combat | 4 5 |  5.0
Dodging        | 5 |  5.2
Fighting       | |  3.5

Action                   |  1- 3 |  4- 6 || total
-------------------------+-------+-------++-------
Melee: Unarmed           |   101 |   123 ||   224
       Bite              |     5 |    14 ||    19
       Punch             |       |     2 ||     2
Evoke: Wand              |     1 |     1 ||     2
  Use: Potion            |       |     4 ||     4
       Scroll            |       |     3 ||     3
 Stab: Sleeping          |    14 |     3 ||    17
       Distracted        |     1 |       ||     1
  Eat: Chunk             |     2 |     3 ||     5
Armor: Skin              |     1 |     1 ||     2
Dodge: Dodged            |    74 |    93 ||   167
